 Dungeon Crawl Stone Soup version 0.21.0 (webtiles) character file.

347 MovingMist the Ducker (level 6, -1/47 HPs)
             Began as a Demonspawn Gladiator on Jan 6, 2018.
             Slain by a hound (3 damage)
             ... on level 3 of the Dungeon.
             The game lasted 00:07:02 (2863 turns).

MovingMist the Ducker (Demonspawn Gladiator)        Turns: 2863, Time: 00:07:03

Health: -1/47      AC: 10    Str: 15    XL:     6   Next: 32%
Magic:  6/6        EV:  8    Int:  9    God:
Gold:   153        SH:  0    Dex: 16    Spells: 5/5 levels left

rFire    + . .     SeeInvis .   a - +0 war axe
rCold    . . .     Gourm    .   (no shield)
rNeg     . . .     Faith    .   t - +0 chain mail {rF+}
rPois    .         Spirit   .   (helmet restricted)
rElec    .         Reflect  .   (no cloak)
rCorr    .         Harm     .   (no gloves)
MR       +....     Rnd*Tele +   (no boots)
Stlth    ..........             (no amulet)
HPRegen  0.15/turn              g - ring of protection from magic
MPRegen  0.10/turn              o - ring of teleportation (curse)

@: no status effects
A: horns 1, slimy green scales 1, rot immunity
a: no special abilities


You were on level 3 of the Dungeon.
You were very hungry.

You visited 1 branch of the dungeon, and saw 4 of its levels.

You collected 153 gold pieces.

Inventory:

Hand Weapons
 a - a +0 war axe (weapon)
Missiles
 d - 3 throwing nets (quivered)
Armour
 t - a +0 chain mail of fire resistance (worn)
Jewellery
 c - an uncursed ring of protection from fire {unknown}
 g - a ring of protection from magic (left hand)
 o - a cursed ring of teleportation (right hand)
 q - an uncursed ring of resist corrosion {unknown}
 s - an uncursed ring of resist corrosion {unknown}
Wands
 u - a wand of random effects (4)
Scrolls
 b - a scroll of fog
 e - 3 scrolls of identify
 k - 2 scrolls of fear
 n - a scroll of teleportation {unknown}
 v - a scroll of remove curse {unknown}
Potions
 h - 2 potions of heal wounds {unknown}
 i - 2 potions of mutation {unknown}
 j - a potion of lignification {unknown}
 l - a potion of cancellation {unknown}
 m - a potion of degeneration {unknown}
 p - a potion of curing {unknown}
 r - a potion of ambrosia {unknown}
Comestibles
 f - 8 rations


   Skills:
 + Level 3.4 Fighting
 + Level 3.7 Axes
 + Level 3.1 Throwing
 * Level 4.6 Dodging


You had 5 spell levels left.
You didn't know any spells.

Dungeon Overview and Level Annotations

Branches:
Dungeon (4/15)
 Temple: D:4-7

Altars:
Fedhas


Innate Abilities, Weirdness & Mutations

You have a pair of small horns on your head.
You are partially covered in slimy green scales. (AC +2)
You are immune to rotting.


Message History

The hound bites you but does no damage. The hound barely misses you.
There is a stone staircase leading up here.
The hound closely misses you.
You climb upwards.
There is a stone staircase leading down here.
You hit the hound but do no damage. Your headbutt misses the hound.
The hound bites you but does no damage. The hound completely misses you.
You hit the hound.
The hound is lightly wounded.
The hound bites you.
* * * LOW HITPOINT WARNING * * *
The hound barely misses you.
You hit the hound.
The hound is moderately wounded.
The hound bites you but does no damage. The hound barely misses you.
You slash the hound! Your headbutt misses the hound.
The hound is almost dead.
The hound bites you but does no damage. The hound bites you.
You die...

#############.##.......##########
#.##.#.###...........
#.##.#.##############
#.##.#.#...........#. ###
#.##.#.##.#.....##.#. ..#
####.##.#.##.#.......... #.#
#.......#.##.#.......... #.#####
#.#####.#.##.#####...... ..#...#
#.# #@#..#.#####...... ..#.#.#
#.#####h##.#.#.......... ..#.#.#
#.....#.##.#.#.######.#.
..#.#.####.###.#.##.#.#.# #.#.
....#......# #.#.##.#.#.# #.#.
.#########.###.#.##.#.#.# #.#.
............##.#.##.#.#.# #.#.
##############.#.##.#.#.# #.#.
.............#.#.##.#.#.# #.#.


You could see a hound.

Vanquished Creatures
  A crimson imp (D:3)
  An orc priest (D:3)
  Jessica (D:2)
  Terence (D:3)
  Natasha (thrice) (D:2)
  A worker ant (D:4)
  A gnoll (D:4)
  6 adders
  An ooze (D:3)
  A worm (D:3)
  A dart slug (D:1)
  2 leopard geckos
  4 orcs (D:3)
  2 ball pythons
  7 bats
  A giant cockroach (D:1)
  2 goblins
  11 hobgoblins
  10 jackals (D:2)
  3 frilled lizards
  6 kobolds
  An orc skeleton (D:4)
  8 rats
75 creatures vanquished.

Notes
Turn   | Place    | Note
-------+----------+-------------------------------------------
     0 | D:1      | MovingMist the Demonspawn Gladiator began the quest for the Orb.
     0 | D:1      | Reached XP level 1. HP: 16/16 MP: 1/1
    64 | D:1      | Gained mutation: You have a pair of small horns on your head. [demonic ancestry]
    64 | D:1      | Reached XP level 2. HP: 13/22 MP: 2/2
    65 | D:1      | Reached skill level 3 in Dodging
   601 | D:2      | Reached XP level 3. HP: 17/28 MP: 3/3
   831 | D:2      | Noticed Natasha
   836 | D:2      | Killed Natasha
   836 | D:2      | Gained mutation: You are immune to rotting. [demonic ancestry]
   836 | D:2      | Reached XP level 4. HP: 32/34 MP: 4/4
   879 | D:2      | Noticed Natasha
   889 | D:2      | Killed Natasha
  1287 | D:2      | Noticed Jessica
  1292 | D:2      | Killed Jessica
  1292 | D:2      | Reached skill level 4 in Dodging
  1292 | D:2      | Gained mutation: You are partially covered in slimy green scales. (AC +2) [demonic ancestry]
  1292 | D:2      | Reached XP level 5. HP: 38/41 MP: 5/5
  1398 | D:2      | Noticed Natasha
  1407 | D:2      | Killed Natasha
  1418 | D:3      | Found a blossoming altar of Fedhas.
  1418 | D:3      | Noticed Terence
  1438 | D:3      | Killed Terence
  1908 | D:3      | Reached XP level 6. HP: 47/47 MP: 6/6
  2828 | D:4      | HP: 2/47 [poisoned by a worker ant]
  2846 | D:4      | HP: 1/47 [hound (3)]
  2861 | D:3      | HP: 1/47 [hound (2)]
  2863 | D:3      | Slain by a hound

Skill      XL: |  1  2  3  4  5  6 |
---------------+-------------------+-----
Throwing       | 2 3 |  3.1
Dodging        | 3 4 |  4.6
Axes           | 3 |  3.7
Fighting       | 3 |  3.4

Action                   |  1- 3 |  4- 6 || total
-------------------------+-------+-------++-------
Melee: War axe           |    60 |   159 ||   219
       Headbutt          |     6 |    26 ||    32
  Use: Scroll            |     4 |     2 ||     6
  Eat: Chunk             |       |     5 ||     5
Armor: Leather armour    |    11 |       ||    11
       Ring mail         |     4 |       ||     4
       Scale mail        |     2 |    56 ||    58
       Chain mail        |       |    64 ||    64
Dodge: Dodged            |    64 |   135 ||   199
